 Dungeon Crawl Stone Soup version 0.28-a0-10-g964c8b829e (webtiles) character file.

Game seed: 15073237627581523262

24052 Gargoyl the Fighter (level 13, -1/103 HPs)
             Began as a Gnoll Abyssal Knight on July 25, 2021.
             Was an Elder of Lugonu.
             Slain by a tyrant leech (17 damage)
             ... on level 2 of the Lair of Beasts.
             The game lasted 00:22:40 (15524 turns).

Gargoyl the Fighter (Gnoll Abyssal Knight)         Turns: 15524, Time: 00:22:40

Health: -1/103     AC: 23    Str: 20    XL:     13   Next: 10%
Magic:  25/25      EV: 11    Int: 13    God:    Lugonu [****..]
Gold:   2039       SH: 13    Dex: 12    Spells: 28/28 levels left

rFire   . . .      SeeInvis +   N - +7 war axe of the Unkillable {drain, rElec}
rCold   . . .      Faith    .   z - +2 kite shield
rNeg    + . .      Spirit   .   f - +1 plate armour {rN+}
rPois   +          Reflect  .   (helmet restricted)
rElec   +          Harm     .   v - +1 cloak
rCorr   .          Rampage  .   I - +0 pair of gloves
Will    +....                   (no boots)
Stlth   ..........              D - amulet "Elumy" {+Inv Regen+ Str+5}
HPRegen 1.27/turn               w - ring of the Lily {rPois AC+4 SInv}
MPRegen 0.19/turn               j - +4 ring of evasion

@: no status effects
A: fangs 1, strong nose, distributed training, antennae 1, strong-willed 1, wild
magic 1
a: Renounce Religion, Evoke Invisibility, Depart the Abyss, Bend Space, Banish,
Corrupt


You were on level 2 of the Lair of Beasts.
You worshipped Lugonu.
Lugonu was greatly pleased with you.
You visited 2 branches of the dungeon, and saw 13 of its levels.
You visited the Abyss 2 times.

You collected 2517 gold pieces.
You spent 478 gold pieces at shops.

Inventory:

Hand Weapons
 a - a +2 hand axe
 p - a +4 scimitar of flaming
 r - a +2 vampiric war axe
 K - a +1 spear
 N - the +7 war axe of the Unkillable (weapon) {drain, rElec}
   (You found it on level 1 of the Lair of Beasts)

   A truly terrible weapon, it drains the life of any living foe it strikes.
   rElec:     It insulates you from electricity.
Missiles
 b - 4 curare-tipped darts
 l - 76 poisoned darts (quivered)
 E - 2 atropa-tipped darts
Armour
 e - a +1 plate armour of cold resistance
 f - a +1 plate armour of positive energy (worn)
 v - a +1 cloak (worn)
 x - a +0 helmet
 z - a +2 kite shield (worn)
 I - a +0 pair of gloves (worn)
 M - a +0 animal skin
Jewellery
 c - a ring of protection from fire
 d - an amulet of regeneration
 j - a +4 ring of evasion (right hand)
 w - the ring of the Lily (left hand) {rPois AC+4 SInv}
   (You acquired it on level 7 of the Dungeon)

   [ring of protection]

   AC:        It affects your AC (+4).
   rPois:     It protects you from poison.
   SInv:      It lets you see invisible.
 D - the amulet "Elumy" (around neck) {+Inv Regen+ Str+5}
   (You found it on level 8 of the Dungeon)

   [amulet of regeneration]

   Str:       It affects your strength (+5).
   +Inv:      It lets you turn invisible.
   Regen:     It increases your rate of health regeneration.
 J - a ring of positive energy
 O - a ring of willpower
Wands
 i - a wand of flame (45)
 s - a wand of polymorph (26)
 y - a wand of iceblast (39)
 F - a wand of paralysis (16)
 G - a wand of charming (22)
 H - a wand of mindburst (17)
Scrolls
 g - 2 scrolls of fear
 h - 3 scrolls of holy word
 m - a scroll of magic mapping
 o - 4 scrolls of identify
 t - 5 scrolls of teleportation
 B - a scroll of blinking
 P - a scroll of fog
Potions
 k - a potion of magic
 n - a potion of flight
 q - 2 potions of lignification
 u - 2 potions of brilliance
 A - 4 potions of curing
 C - a potion of haste
 L - a potion of might


   Skills:
 + Level 10.3 Fighting
 + Level 8.0 Short Blades
 + Level 8.0 Long Blades
 + Level 9.2 Axes
 + Level 8.0 Maces & Flails
 + Level 8.0 Polearms
 + Level 8.0 Staves
 + Level 8.0 Slings
 + Level 8.0 Bows
 + Level 8.0 Crossbows
 + Level 8.0 Throwing
 + Level 9.2 Armour
 + Level 8.4 Dodging
 + Level 8.0 Stealth
 + Level 8.0 Shields
 + Level 8.0 Unarmed Combat
 + Level 8.0 Spellcasting
 + Level 6.6 Conjurations
 + Level 6.6 Hexes
 + Level 6.6 Summonings
 + Level 6.6 Necromancy
 + Level 6.6 Translocations
 + Level 6.6 Transmutations
 + Level 6.6 Fire Magic
 + Level 6.6 Ice Magic
 + Level 6.6 Air Magic
 + Level 6.6 Earth Magic
 + Level 6.6 Poison Magic
 + Level 9.9 Invocations
 + Level 8.0 Evocations


You had 28 spell levels left.
You didn't know any spells.
Your spell library contained the following spells:

 Spells                   Type           Power      Damage    Failure   Level
 Beastly Appendage        Tmut           58%        N/A       47%         1
 Ensorcelled Hibernation  Hex/Ice        58%        N/A       61%         2
 Static Discharge         Conj/Air       29%        N/A       61%         2
 Wereblood                Tmut           29%        N/A       61%         2
 Conjure Flame            Conj/Fire      29%        6-21      83%         3
 Gell's Gravitas          Tloc           14%        N/A       83%         3
 Ignite Poison            Fire/Tmut/Pois 29%        N/A       83%         3
 Lesser Beckoning         Tloc           14%        N/A       83%         3
 Ozocubu's Armour         Ice            29%        N/A       83%         3
 Spider Form              Tmut/Pois      14%        N/A       83%         3
 Teleport Other           Tloc           29%        N/A       83%         3
 Dispel Undead            Necr           29%        3d13      99%         4
 Sticky Flame             Conj/Fire      29%        2d5       99%         4
 Fireball                 Conj/Fire      14%        3d8       100%        5
 Iskenderun's Battlesphe  Conj           29%        2d8       100%        5
 Metabolic Englaciation   Hex/Ice        14%        N/A       100%        5
 Conjure Ball Lightning   Conj/Air       14%        3x3d6     100%        6
 Shadow Creatures         Summ           N/A        N/A       100%        6
 Simulacrum               Ice/Necr       14%        N/A       100%        6
 Orb of Destruction       Conj           14%        9d7       100%        7
 Discord                  Hex            14%        N/A       100%        8
 Disjunction              Tloc           14%        N/A       100%        8


Dungeon Overview and Level Annotations

Branches:
Dungeon (11/15)            Temple (0/1) D:7            Lair (2/6) D:11
 Spider (0/4) Lair:2          Orc (0/2) D:11
  Swamp: Lair:2-4    Shoals: Lair:2-4

Altars:
Fedhas
Hepliaklqana
Qazlal
Sif Muna
Uskayaw
Yredelemnul

Shops:
D:1 [   D:10 [   D:11 [

Annotations:
Abyss:1 Democracy123's ghost, journeyman GrBe


Innate Abilities, Weirdness & Mutations

You have very sharp teeth.
Your uncanny sense of smell can sniff out nearby items.
Your experience applies equally to all skills.
You have a pair of small antennae on your head.
You are strong-willed. (Will+)
Your spells are a little harder to cast, but a little more powerful.


Message History

The tyrant leech is heavily wounded.
You block the tyrant leech's attack.
You hit the tyrant leech. Your bite misses the tyrant leech.
The tyrant leech is heavily wounded.
The tyrant leech bites you but does no damage.
Unknown command.
You hit the tyrant leech.
The tyrant leech is heavily wounded.
You block the tyrant leech's attack.
You barely miss the tyrant leech.
The tyrant leech is heavily wounded.
The tyrant leech closely misses you.
You barely miss the tyrant leech. Your bite misses the tyrant leech.
The tyrant leech is heavily wounded.
You block the tyrant leech's attack.
You slice the tyrant leech!! You drain the tyrant leech!
Your bite misses the tyrant leech.
The tyrant leech is almost dead.
The tyrant leech bites you!
The tyrant leech draws strength from your injuries!
You hit the tyrant leech but do no damage.
The tyrant leech is almost dead.
The tyrant leech bites you!
* * * LOW HITPOINT WARNING * * *
The tyrant leech draws strength from your injuries!
You closely miss the tyrant leech.
The tyrant leech is severely wounded.
You hear a croak.
Your plate armour prevents you from hitting the tyrant leech.
The tyrant leech is severely wounded.
The tyrant leech bites you!!
* * * LOW HITPOINT WARNING * * *
The tyrant leech draws strength from your injuries!
You completely miss the tyrant leech.
The tyrant leech is severely wounded.
You block the tyrant leech's attack.
You closely miss the tyrant leech.
The tyrant leech is severely wounded.
The tyrant leech bites you!
You die...

##..........##♣♣♣≈≈≈≈...
#.............♣♣≈≈≈≈≈≈≈♣♣
#.......#.#^..#♣≈≈≈≈≈≈≈≈♣♣
##......####P...♣≈≈≈≈≈≈..)♣
##.......# #....♣♣♣♣♣♣♣..♣♣
#.......P####.............P#
##.........##......D.#...####
#P......#..###.F##.w.....#
###.........#@#.#..w......###
#.............w#{#...#.....P##
#.........#...#......##....###
##..............(..#.###...###
#.........#.#.....#..# #......
##.......#...#...#.### ###....
##(.......#.....#...####P#....
#........#.#...#.#............
##......#...#...#.......#...P.


You could see a tyrant leech (drained).

Vanquished Creatures
  Erolcha (D:9)
  6 hydras
  Erica (D:9)
  Nergalle (D:11)
  4 black mambas
  5 cane toads
  A gargoyle (D:11)
  2 kobold demonologists (D:11)
  A rime drake (Lair:1)
  4 jumping spiders (Lair:2)
  3 trolls
  A slime creature (D:8)
  2 shadows (D:10)
  5 redbacks (Lair:2)
  A wyvern (D:8)
  A wraith (D:6)
  A vampire (D:9)
  A basilisk (Lair:2)
  13 yaks
  Grum (Lair:1)
  2 wargs (D:11)
  4 water moccasins
  5 orc warriors
  A necrophage (D:7)
  An ice beast (D:6)
  3 black bears
  7 centaurs
  An ogre (D:7)
  8 wolves
  A phantom (D:5)
  5 kobold brigands
  11 bullfrogs
  4 scorpions
  2 gnoll sergeants
  2 water moccasin zombies
  A wyvern skeleton (D:6)
  10 killer bees
  A water moccasin skeleton (D:7)
  7 wights
  2 howler monkeys
  2 jellies
  3 centaur zombies
  A bullfrog zombie (D:6)
  2 centaur skeletons
  3 hounds
  6 orc priests
  2 bullfrog skeletons (D:5)
  4 iguanas
  6 orc wizards
  A hound skeleton (D:4)
  10 gnolls
  7 adders
  A howler monkey skeleton (D:5)
  2 white imps (D:8)
  An ufetubus (D:6)
  3 worms
  A dart slug (D:1)
  32 orcs
  7 endoplasms
  3 giant cockroaches (D:2)
  13 goblins
  2 hobgoblins
  20 jackals
  25 kobolds
  4 quokkas
  4 ball pythons
  5 bats
  4 frilled lizards (D:1)
  7 rats
314 creatures vanquished.

Vanquished Creatures (collateral kills)
  An orc warrior (D:8)
  A necrophage (D:8)
  A centaur zombie (D:8)
  An orc priest (D:8)
  An orc (D:8)
5 creatures vanquished.

Vanquished Creatures (others)
  A bush (Lair:1)
  2 fungi
  2 plants
5 creatures vanquished.

Grand Total: 324 creatures vanquished

Notes
Turn   | Place    | Note
-------+----------+-------------------------------------------
     0 | Abyss:1  | Gargoyl the Gnoll Abyssal Knight began the quest for the
                  | Orb.
     0 | Abyss:1  | Reached XP level 1. HP: 23/23 MP: 3/3
   103 | Abyss:1  | Found a corrupted altar of Lugonu.
   151 | Abyss:2  | Noticed a large abomination
   166 | Abyss:2  | Noticed a small abomination
   170 | D:1      | Escaped the Abyss
   360 | D:1      | Reached XP level 2. HP: 29/29 MP: 5/5
   577 | D:1      | Found a faded altar of an unknown god.
   608 | D:1      | Found Plog's Armour Boutique.
   986 | D:1      | Reached * piety under Lugonu
  1112 | D:1      | Reached XP level 3. HP: 34/35 MP: 6/6
  1544 | D:2      | Reached skill level 1 in Short Blades
  1544 | D:2      | Reached skill level 1 in Long Blades
  1544 | D:2      | Reached skill level 1 in Maces & Flails
  1544 | D:2      | Reached skill level 1 in Polearms
  1544 | D:2      | Reached skill level 1 in Staves
  1544 | D:2      | Reached skill level 1 in Slings
  1544 | D:2      | Reached skill level 1 in Bows
  1544 | D:2      | Reached skill level 1 in Crossbows
  1544 | D:2      | Reached skill level 1 in Throwing
  1544 | D:2      | Reached skill level 1 in Stealth
  1544 | D:2      | Reached skill level 1 in Shields
  1544 | D:2      | Reached skill level 1 in Unarmed Combat
  1544 | D:2      | Reached skill level 1 in Spellcasting
  1544 | D:2      | Reached skill level 1 in Evocations
  1557 | D:2      | Reached XP level 4. HP: 23/41 MP: 7/7
  2089 | D:2      | You fall into a shaft and drop 2 floors!
  2243 | D:2      | Reached skill level 1 in Conjurations
  2243 | D:2      | Reached skill level 1 in Hexes
  2243 | D:2      | Reached skill level 1 in Summonings
  2243 | D:2      | Reached skill level 1 in Necromancy
  2243 | D:2      | Reached skill level 1 in Translocations
  2243 | D:2      | Reached skill level 1 in Transmutations
  2243 | D:2      | Reached skill level 1 in Fire Magic
  2243 | D:2      | Reached skill level 1 in Ice Magic
  2243 | D:2      | Reached skill level 1 in Air Magic
  2243 | D:2      | Reached skill level 1 in Earth Magic
  2243 | D:2      | Reached skill level 1 in Poison Magic
  2519 | D:3      | Identified a scroll of acquirement
  2519 | D:3      | Acquired 696 gold pieces
  2580 | D:1      | Bought a +1 plate armour of positive energy for 352 gold
                  | pieces
  2872 | D:3      | Reached XP level 5. HP: 47/47 MP: 8/8
  2913 | D:3      | Reached ** piety under Lugonu
  4217 | D:4      | Reached skill level 5 in Invocations
  4217 | D:4      | Reached XP level 6. HP: 51/53 MP: 9/9
  4504 | D:4      | Reached skill level 5 in Axes
  4504 | D:4      | Reached skill level 5 in Armour
  5068 | D:5      | Entered Level 5 of the Dungeon
  5322 | D:5      | Reached XP level 7. HP: 47/59 MP: 10/10
  5470 | D:5      | Reached skill level 7 in Fighting
  5761 | D:5      | Reached *** piety under Lugonu
  7147 | D:6      | Reached XP level 8. HP: 44/67 MP: 12/12
  7374 | D:6      | Found a basalt altar of Yredelemnul.
  7485 | D:6      | Noticed a wraith
  7501 | D:6      | Killed a wraith
  8124 | D:6      | Found a hide-covered altar of Uskayaw.
  8125 | D:6      | Found a shimmering blue altar of Sif Muna.
  8233 | D:6      | Reached XP level 9. HP: 37/72 MP: 14/14
  8443 | D:6      | You fall into a shaft and drop 1 floor!
  8455 | D:7      | Found a staircase to the Ecumenical Temple.
  8791 | D:7      | Acquired the ring of the Lily {rPois AC+4 SInv}
  8889 | D:7      | Reached skill level 5 in Dodging
  9094 | D:7      | Reached skill level 8 in Fighting
  9555 | D:8      | Noticed a tengu warrior
  9757 | D:7      | Banished a tengu warrior
  9758 | D:7      | Reached XP level 10. HP: 44/80 MP: 11/17
  9835 | D:8      | Reached skill level 5 in Short Blades
  9835 | D:8      | Reached skill level 5 in Long Blades
  9835 | D:8      | Reached skill level 5 in Maces & Flails
  9835 | D:8      | Reached skill level 5 in Polearms
  9835 | D:8      | Reached skill level 5 in Staves
  9835 | D:8      | Reached skill level 5 in Slings
  9835 | D:8      | Reached skill level 5 in Bows
  9835 | D:8      | Reached skill level 5 in Crossbows
  9835 | D:8      | Reached skill level 5 in Throwing
  9835 | D:8      | Reached skill level 5 in Stealth
  9835 | D:8      | Reached skill level 5 in Shields
  9835 | D:8      | Reached skill level 5 in Unarmed Combat
  9835 | D:8      | Reached skill level 5 in Spellcasting
  9835 | D:8      | Reached skill level 5 in Evocations
  9955 | D:8      | Gained mutation: Your magical capacity is low. (-10% MP)
                  | [potion of mutation]
  9955 | D:8      | Gained mutation: You tend to lose your temper in combat.
                  | [potion of mutation]
  9955 | D:8      | Gained mutation: You have a pair of small antennae on your
                  | head. [potion of mutation]
  9955 | D:8      | Gained mutation: Your spells are a little harder to cast,
                  | but a little more powerful. [potion of mutation]
  9956 | D:8      | Lost mutation: You tend to lose your temper in combat.
                  | [potion of mutation]
  9956 | D:8      | Lost mutation: Your magical capacity is low. (-10% MP)
                  | [potion of mutation]
  9956 | D:8      | Gained mutation: You are strong-willed. (Will+) [potion of
                  | mutation]
 10144 | D:8      | Reached **** piety under Lugonu
 10213 | D:8      | Identified the amulet "Elumy" {+Inv Regen+ Str+5}
 10337 | D:8      | Found a hazy altar of Hepliaklqana.
 10566 | D:9      | Noticed Erica
 10597 | D:9      | Killed Erica
 10884 | D:9      | Found a blossoming altar of Fedhas.
 10906 | D:9      | Noticed Erolcha
 10923 | D:9      | Cast into level 2 of the Abyss (Erolcha)
 10924 | D:9      | Escaped the Abyss
 10927 | D:9      | Killed Erolcha
 10928 | D:9      | Reached XP level 11. HP: 72/87 MP: 17/19
 11361 | D:10     | Entered Level 10 of the Dungeon
 11499 | D:10     | Reached skill level 9 in Fighting
 11646 | D:10     | Reached skill level 5 in Conjurations
 11646 | D:10     | Reached skill level 5 in Hexes
 11646 | D:10     | Reached skill level 5 in Summonings
 11646 | D:10     | Reached skill level 5 in Necromancy
 11646 | D:10     | Reached skill level 5 in Translocations
 11646 | D:10     | Reached skill level 5 in Transmutations
 11646 | D:10     | Reached skill level 5 in Fire Magic
 11646 | D:10     | Reached skill level 5 in Ice Magic
 11646 | D:10     | Reached skill level 5 in Air Magic
 11646 | D:10     | Reached skill level 5 in Earth Magic
 11646 | D:10     | Reached skill level 5 in Poison Magic
 11777 | D:10     | Found a stormy altar of Qazlal.
 11807 | D:10     | Acquired 971 gold pieces
 12045 | D:10     | Found Cookoch's Antique Armour Boutique.
 12054 | D:10     | Bought a pair of gloves for 126 gold pieces
 12591 | D:11     | Found a staircase to the Lair.
 12657 | D:11     | Found Olaofiy's Armour Emporium.
 12677 | D:11     | Found a large runed translucent door.
 12678 | D:11     | Found a large runed translucent door.
 12723 | D:11     | Noticed a sun demon
 12797 | D:11     | Noticed Nergalle
 12827 | D:11     | Killed Nergalle
 13039 | D:11     | Found a staircase to the Orcish Mines.
 13180 | D:11     | Noticed Democracy123's ghost (journeyman GrBe)
 13286 | D:11     | Banished Democracy123's ghost
 13313 | D:11     | Identified the +7 longbow of Demand {flame, Dex+5}
 13379 | Lair:1   | Entered Level 1 of the Lair of Beasts
 13499 | Lair:1   | Noticed a five-headed hydra
 13511 | Lair:1   | Killed a four-headed hydra
 13531 | Lair:1   | Reached XP level 12. HP: 96/96 MP: 22/22
 13582 | Lair:1   | Noticed a six-headed hydra
 13593 | Lair:1   | Killed a one-headed hydra
 13803 | Lair:1   | Noticed Grum
 13818 | Lair:1   | Killed Grum
 13953 | Lair:1   | Identified the +7 war axe of the Unkillable {drain, rElec}
 14141 | Lair:1   | Noticed a five-headed hydra
 14148 | Lair:1   | Killed a two-headed hydra
 14390 | Lair:2   | Noticed an eight-headed hydra
 14456 | Lair:2   | Killed a three-headed hydra
 14603 | Lair:2   | Reached skill level 10 in Fighting
 14786 | Lair:2   | Found a hole to the Spider Nest.
 14950 | Lair:2   | Noticed a four-headed hydra
 14958 | Lair:2   | Killed a one-headed hydra
 14989 | Lair:2   | Reached ***** piety under Lugonu
 14990 | Lair:2   | Reached XP level 13. HP: 102/103 MP: 24/24
 15097 | Lair:2   | Found a blossoming altar of Fedhas.
 15524 | Lair:2   | Slain by a tyrant leech

Illustrated notes

Levels and vault maps discovered:
D:1:      lightli_arrival_isolated_outpost, layout_basic, serial_shops, shop,
          shapermc_ecumenical_altar_petra, minmay_ruptured
D:2:      layout_rooms
D:3:      layout_basic
D:4:      layout_rooms, saegor_snake_ambush
D:5:      layout_layer_cave, kennysheep_generic_room_5
D:6:      layout_loops_corners, lemuel_zombie_altar_yredelemnul,
          chequers_temple_overflow_statue_of_worship
D:7:      layout_basic, minmay_temple_entry_ruins
D:8:      hangedman_cross_stitches, layout_basic, mainiacjoe_overflow_boulevard
D:9:      layout_roguey, fedhas_bush_and_centaur_altar,
          hangedman_abyss_or_decor_passed, uniq_erica, uniq_erolcha
D:10:     layout_irregular_city, mainiacjoe_overflow_brackets, serial_shops,
          nicolae_square_shop, serial_column_ruins, column_ruins_hut_ruined,
          column_ruins_hut_pillars, column_ruins_open_medium,
          column_ruins_grid_1, column_ruins_grid_1, column_ruins_grid_3,
          lightli_orcish_oven
D:11:     layout_stronghold, erik_lair_orcish_takeover, orc_0_dummy,
          serial_shops, nicolae_shop_behind_doors, ebering_ghost_disaster_area,
          uniq_nergalle
Lair:1:   layout_regular_city, uniq_grum
Lair:2:   layout_hall_layers, palyth_hydra_swamp_entry,
          nicolae_spider_entry_tight_spaces, hangedman_tree_tricks,
          minivault_23, lemuel_fruit_fields, serial_bayou_shore_b

Skill      XL: |  1  2  3  4  5  6  7  8  9 10 11 12 13 |
---------------+----------------------------------------+-----
Short Blades   | 1 2 3 4 5 6 7 8 |  8.0
Long Blades    | 1 2 3 4 5 6 7 8 |  8.0
Maces & Flails | 1 2 3 4 5 6 7 8 |  8.0
Polearms       | 1 2 3 4 5 6 7 8 |  8.0
Staves         | 1 2 3 4 5 6 7 8 |  8.0
Slings         | 1 2 3 4 5 6 7 8 |  8.0
Bows           | 1 2 3 4 5 6 7 8 |  8.0
Crossbows      | 1 2 3 4 5 6 7 8 |  8.0
Throwing       | 1 2 3 4 5 6 7 8 |  8.0
Stealth        | 1 2 3 4 5 6 7 8 |  8.0
Shields        | 1 2 3 4 5 6 7 8 |  8.0
Unarmed Combat | 1 2 3 4 5 6 7 8 |  8.0
Spellcasting   | 1 2 3 4 5 6 7 8 |  8.0
Evocations     | 1 2 3 4 5 6 7 8 |  8.0
Conjurations   | 1 2 3 4 5 6 |  6.6
Hexes          | 1 2 3 4 5 6 |  6.6
Summonings     | 1 2 3 4 5 6 |  6.6
Necromancy     | 1 2 3 4 5 6 |  6.6
Translocations | 1 2 3 4 5 6 |  6.6
Transmutations | 1 2 3 4 5 6 |  6.6
Fire Magic     | 1 2 3 4 5 6 |  6.6
Ice Magic      | 1 2 3 4 5 6 |  6.6
Air Magic      | 1 2 3 4 5 6 |  6.6
Earth Magic    | 1 2 3 4 5 6 |  6.6
Poison Magic   | 1 2 3 4 5 6 |  6.6
Dodging        | 3 4 5 6 7 8 |  8.4
Invocations    | 5 6 7 8 9 |  9.9
Axes           | 5 6 7 8 9 |  9.2
Armour         | 5 6 7 8 9 |  9.2
Fighting       | 7 8 9 10 | 10.3

Action                   |  1- 3 |  4- 6 |  7- 9 | 10-12 | 13-15 || total
-------------------------+-------+-------+-------+-------+-------++-------
Melee: Hand axe          |    97 |   285 |   110 |       |       ||   492
       Bite              |     8 |    26 |    34 |    73 |     2 ||   143
       Punch             |       |     2 |       |       |       ||     2
       War axe           |       |       |   243 |   711 |    27 ||   981
       Scimitar          |       |       |       |    76 |     7 ||    83
Throw: Dart              |       |       |       |     6 |       ||     6
Invok: Depart the Abyss  |     1 |       |       |     1 |       ||     2
       Banish            |       |       |     3 |     1 |     2 ||     6
Evoke: Wand              |    11 |       |     1 |       |       ||    12
  Use: Scroll            |     1 |    11 |     6 |     8 |       ||    26
       Potion            |       |     3 |       |    10 |       ||    13
Armor: Plate armour      |    75 |   274 |   274 |   702 |    20 ||  1345
       Skin              |       |       |       |     8 |       ||     8
Dodge: Dodged            |    15 |   130 |   189 |   501 |    15 ||   850
Block: Buckler           |       |     4 |    74 |    87 |       ||   165
       Kite shield       |       |       |       |   603 |    31 ||   634
       Rpst.: Scimitar   |       |       |       |     9 |       ||     9

Table legend: (Time is in decaauts)
 A = Elapsed time spent in this place.
 B = Non-inter-level travel time spent in this place.
 C = Inter-level travel time spent in this place.
 D = Time resting spent in this place.
 E = Time spent auto-exploring this place.
 F = Levels seen in this place.
 G = Mean time per level.
                   A        B        C        D        E       F      G
               +--------+--------+--------+--------+--------+-----+--------+
         Total |  15813 |  15253 |    560 |   1853 |   9808 |  16 |  988.3 |
       Dungeon |  13478 |  12954 |    524 |   1810 |   8171 |  11 | 1225.3 |
          Lair |   2165 |   2130 |     35 |     43 |   1496 |   2 | 1082.5 |
         Abyss |    170 |    170 |      0 |      0 |    140 |   3 |   56.7 |
               +--------+--------+--------+--------+--------+-----+--------+

Top non-repeatable levels by time:
     D:5: 2042 daAuts
     D:6: 1392 daAuts
     D:2: 1364 daAuts
     D:7: 1348 daAuts
     D:4: 1265 daAuts
    D:11: 1183 daAuts
     D:3: 1174 daAuts
     D:1: 1137 daAuts
  Lair:2: 1135 daAuts
  Lair:1: 1030 daAuts
    D:10: 945 daAuts
     D:9: 884 daAuts
     D:8: 738 daAuts
 Abyss:1: 147 daAuts
 Abyss:2: 23 daAuts
